 Dungeon Crawl Stone Soup version 0.21.1-1-g345015fe64 (webtiles) character file.

39 Freyura the Cudgeler (level 3, -1/23 HPs)
             Began as a Gargoyle Fighter on May 10, 2018.
             Slain by Sigmund
             ... wielding a +0 scythe
              (4 damage)
             ... on level 2 of the Dungeon.
             The game lasted 00:02:35 (741 turns).

Freyura the Cudgeler (Gargoyle Fighter)              Turns: 741, Time: 00:02:36

Health: -1/23      AC: 13    Str: 24    XL:     3   Next: 47%
Magic:  3/3        EV:  7    Int:  8    God:
Gold:   55         SH:  9    Dex: 10    Spells: 2/2 levels left

rFire    . . .     SeeInvis .   a - +0 flail
rCold    . . .     Gourm    .   c - +0 shield
rNeg     + . .     Faith    .   b - +0 scale mail
rPois    ∞         Spirit   .   (no helmet)
rElec    +         Reflect  .   (no cloak)
rCorr    .         Harm     .   (no gloves)
MR       .....                  h - +2 pair of boots
Stlth    ..........             (no amulet)
HPRegen  0.07/turn              (no ring)
MPRegen  0.08/turn              (no ring)

@: mighty
A: negative energy resistance 1, electricity resistance, unbreathing,
petrification resistance, rot immunity, AC +3
a: no special abilities


You were on level 2 of the Dungeon.
You were not hungry.

You visited 1 branch of the dungeon, and saw 2 of its levels.

You collected 55 gold pieces.

Inventory:

Hand Weapons
 a - a +0 flail (weapon)
Armour
 b - a +0 scale mail (worn)
 c - a +0 shield (worn)
 h - a +2 pair of boots (worn)
Scrolls
 e - a scroll of fear {unknown}
 g - a scroll of identify {unknown}
 i - a scroll of random uselessness {unknown}
 j - a scroll of fog {unknown}
 k - a scroll of immolation {unknown}
 l - a scroll of amnesia {unknown}
 m - a scroll of blinking {unknown}
Comestibles
 f - 4 rations


   Skills:
 - Level 3.2 Fighting
 * Level 3.8 Maces & Flails
 - Level 3.2 Armour
 - Level 3.2 Shields


You had 2 spell levels left.
You didn't know any spells.

Dungeon Overview and Level Annotations

Branches:
Dungeon (2/15)

Altars:

Annotations:
D:2 Sigmund


Innate Abilities, Weirdness & Mutations

You are resistant to torment.
Your stone body is resilient. (AC +3)
You are immune to poison.
You resist negative energy. (rN+)
You are resistant to electric shocks. (rElec)
You can survive without breathing.
You are immune to petrification.
You are immune to rotting.


Message History

You barely miss something.
You hear some strange, mumbled words.
A magic dart appears from out of thin air!
The magic dart hits you!
You barely miss something. Something hits you.
You miss something. Something hits you but does no damage.
You miss something. Something hits you but does no damage.
You miss something.
You hear some strange, mumbled words.
A puff of flame appears from out of thin air!
The puff of flame hits you!
Your shield and scale mail prevent you from hitting something.
You hear some strange, mumbled words.
A magic dart appears from out of thin air!
The magic dart hits you!
* * * LOW HITPOINT WARNING * * *
You barely miss something. You block something's attack.
You barely miss something. Something hits you but does no damage.
You miss something. Something hits you.
You die...

#
###...#######....####.##..
######.## #.....†.......
.....#.# #...######.##.
####.#.# #...# #.#)#
#...######
#...########..!.....#
#.###............##.#
####.#..<<.....#.##.##.#
.).....†..###..#@.......
...>............{......#
####........#..#........
#................####
##.....####.###....
##...... # #.### ##.#####
.# #.# ##


There were no monsters in sight!

Vanquished Creatures
  An ooze (D:1)
  5 bats
  3 giant cockroaches
  3 goblins (D:1)
  6 hobgoblins
  4 jackals (D:1)
  3 frilled lizards
  3 kobolds (D:1)
  5 rats (D:1)
33 creatures vanquished.

Vanquished Creatures (others)
  4 toadstools (D:1)
4 creatures vanquished.

Grand Total: 37 creatures vanquished

Notes
Turn   | Place    | Note
-------+----------+-------------------------------------------
     0 | D:1      | Freyura the Gargoyle Fighter began the quest for the Orb.
     0 | D:1      | Reached XP level 1. HP: 14/14 MP: 1/1
    42 | D:1      | Reached XP level 2. HP: 17/19 MP: 2/2
   309 | D:1      | Reached XP level 3. HP: 23/23 MP: 3/3
   724 | D:2      | Noticed Sigmund
   741 | D:2      | Slain by Sigmund

Skill      XL: |  1  2 |
---------------+-------+-----
Maces & Flails | 3 |  3.8
Fighting       | |  3.2
Armour         | |  3.2
Shields        | |  3.2

Action                   || total
-------------------------++-------
Melee: Flail             ||   125
  Use: Potion            ||     1
Armor: Scale mail        ||    56
Dodge: Dodged            ||    33
Block: Shield            ||    61
